 Dungeon Crawl Stone Soup version 0.18.1-50-g88ac8fd (webtiles) character file.

3622 Lovchig the Cleaver (level 9, -7/82 HPs)
             Began as a Minotaur Gladiator on Sept 21, 2016.
             Was a Follower of the Shining One.
             Mangled by an orc knight
             ... wielding a +0 battleaxe
              (14 damage)
             ... in a bailey.
             The game lasted 00:25:26 (6229 turns).

Lovchig the Cleaver (Minotaur Gladiator)            Turns: 6229, Time: 00:25:27

Health: -7/82      AC: 14    Str: 22    XL:     9   Next: 87%
Magic:  6/6        EV:  9    Int:  5    God:    the Shining One [*.....]
Gold:   244        SH:  6    Dex: 12    Spells: 0 memorised, 8 levels left

rFire  . . .     SeeInvis .     z - +0 broad axe
rCold  . . .     Gourm    .     y - +1 plate armour
rNeg   . . .     Faith    .     (no shield)
rPois  .         Spirit   .     (helmet unavailable)
rElec  .         Dismiss  .     (no cloak)
rCorr  .         Reflect  +     (no gloves)
SustAt .         Harm     .     (no boots)
MR     .....                    k - +6 amulet of reflection
Stlth  ..........               (no ring)
                                (no ring)

@: glowing, not resistant to hostile enchantments, extremely unstealthy
A: retaliatory headbutt, horns 3, camouflage 1, low mp 2, MP-powered wands
a: Renounce Religion


You were in a bailey.
You worshipped the Shining One.
The Shining One was aware of your devotion.
You were not hungry.

You visited 2 branches of the dungeon, and saw 8 of its levels.
You also visited: Sewer and Bailey.

You collected 266 gold pieces.
You spent 22 gold pieces at shops.

Inventory:

Hand Weapons
 a - a +2 war axe
 z - a +0 broad axe (weapon)
Armour
 y - a +1 plate armour (worn)
Jewellery
 d - an uncursed amulet of the gourmand
 k - a +6 amulet of reflection (around neck)
Wands
 x - a wand of digging (8/24)
Scrolls
 i - 5 scrolls of remove curse
 m - 2 scrolls of teleportation
 n - a scroll of recharging
Potions
 e - 8 potions of flight
 g - 2 potions of ambrosia
 j - 2 potions of invisibility
 l - 9 potions of curing
 p - 3 potions of agility {unknown}
 q - 2 potions of brilliance {unknown}
 r - a potion of berserk rage {unknown}
 s - 4 potions of might {unknown}
 t - a potion of degeneration {unknown}
 u - 6 potions of heal wounds {unknown}
 v - a potion of lignification {unknown}
 w - a potion of cure mutation {unknown}
Books
 b - a book of Frost

   Spells                             Type                      Level
   a - Freeze                         Ice                          1
   b - Throw Frost                    Conjuration/Ice              2
   c - Ozocubu's Armour               Charms/Ice                   3
   d - Throw Icicle                   Conjuration/Ice              4
   e - Summon Ice Beast               Ice/Summoning                4
Comestibles
 f - 7 bread rations
 h - 4 meat rations
 o - 2 beef jerkies
 A - 2 slices of pizza


   Skills:
 * Level 8.9 Fighting
 * Level 10.3 Axes
 - Level 2.0 Throwing
 * Level 8.3 Armour
 * Level 7.1 Dodging
 + Level 0.5 Stealth


You had 8 spell levels left.
You didn't know any spells.

Dungeon Overview and Level Annotations

Branches:
Dungeon (7/15)             Temple (1/1) D:6

Altars:
Ashenzari
Cheibriados
Dithmenos
Gozag
Makhleb
Nemelex Xobeh
Okawaru
Sif Muna
Xom
Yredelemnul
The Shining One

Shops:
D:6 ?


Innate Abilities, Weirdness & Mutations

You reflexively headbutt those who attack you in melee.
You have a pair of large horns on your head.
Your skin changes colour to match your surroundings (Stealth).
Your magical capacity is very low (-20% MP).
You expend magic power (3 MP) to strengthen your wands.


Message History

Your plate armour prevents you from hitting the orc knight.
You headbutt the orc knight, but do no damage.
The orc knight is heavily wounded.
The orc knight hits you but does no damage.
You hit the orc knight.
The orc knight is heavily wounded.
The orc knight hits you but does no damage.
You slash the orc knight!
The orc knight is severely wounded.
The orc knight hits you with a battleaxe!!
* * * LOW HITPOINT WARNING * * *
Your plate armour prevents you from hitting the orc knight.
You headbutt the orc knight!
The orc knight is almost dead.
The orc knight hits you with a battleaxe!
* * * LOW HITPOINT WARNING * * *
You hit the orc knight but do no damage.
The orc knight is almost dead.
The orc knight hits you with a battleaxe!
You die...

≈≈≈≈≈≈≈...≈≈≈≈≈
≈≈≈≈≈≈≈...≈≈≈≈≈
≈≈≈≈≈≈≈...≈≈≈≈≈ ≈≈≈≈
###≈≈≈≈...≈≈≈≈# ≈≈≈≈≈
..#...........#
≈≈≈≈≈≈###..#####'['#####
≈≈≈≈≈≈#....#..')))..+
≈≈≈≈≈≈#o)..#..'.....+
≈≈≈≈≈≈#@####..#..⌠..#
≈≈≈≈≈≈≈.#.....#.....#
≈≈≈≈≈≈≈.#.8...#.....#
≈≈≈≈≈≈≈≈.#.....#######
≈≈≈≈≈≈≈≈.#.8.##########
≈≈≈≈≈≈≈≈.#....)).......
≈≈≈≈≈≈≈≈.#.8..))....... .
≈≈≈≈≈≈≈≈.'.)..)[.._......
≈≈≈≈≈≈≈≈.##)#...........#


You could see an orc knight.

Vanquished Creatures
  2 kobold demonologists (Bailey)
  A slime creature (D:6)
  The ghost of tyranidshit the Skirmisher, an amateur DDFi (D:4)
  Edmund (D:4)
  6 orc warriors (Bailey)
  2 sky beasts (D:6)
  2 phantoms
  An ogre (D:5)
  A centaur (D:6)
  2 big kobolds (Sewer)
  Blork the orc (D:4)
  2 giant frogs (D:6)
  2 electric eels (Bailey)
  A crimson imp (D:5)
  5 jellies
  A giant frog zombie (D:5)
  4 hounds
  2 orc priests
  2 orc wizards
  Terence (D:2)
  Ijyb (D:3)
  5 worker ants
  A killer bee zombie (D:6)
  8 gnolls
  9 adders
  12 river rats
  17 oozes
  5 worms
  A dart slug (D:1)
  7 giant geckos
  17 orcs
  8 ball pythons
  14 bats
  10 giant cockroaches
  16 goblins
  8 hobgoblins
  23 kobolds
  2 quokkas
  A giant gecko skeleton (D:6)
  5 giant newts
  2 jackal skeletons (D:6)
  A quokka skeleton (D:4)
  23 rats
  A fungus (D:6)
237 creatures vanquished.

Vanquished Creatures (others)
  A goblin (D:1)
  A kobold (Sewer)
  4 fungi (D:6)
6 creatures vanquished.

Grand Total: 243 creatures vanquished

Notes
Turn   | Place    | Note
--------------------------------------------------------------
     0 | D:1      | Lovchig the Minotaur Gladiator began the quest for the Orb.
     0 | D:1      | Reached XP level 1. HP: 18/18 MP: 0/0
    45 | D:1      | Reached XP level 2. HP: 20/25 MP: 1/1
    64 | D:1      | Reached skill level 4 in Axes
   203 | D:1      | Reached XP level 3. HP: 25/30 MP: 2/2
   598 | D:1      | Reached skill level 1 in Armour
   936 | D:2      | Reached XP level 4. HP: 38/38 MP: 3/3
  1131 | D:2      | Found a snail-covered altar of Cheibriados.
  1269 | D:2      | Noticed Terence
  1275 | D:2      | Killed Terence
  1326 | D:2      | Found a sparkling altar of Nemelex Xobeh.
  1327 | D:2      | Found an opulent altar of Gozag.
  1621 | D:2      | Reached skill level 5 in Axes
  1811 | D:3      | Reached XP level 5. HP: 44/45 MP: 4/4
  1834 | D:3      | Noticed Ijyb
  1843 | D:3      | Killed Ijyb
  2285 | D:3      | Reached XP level 6. HP: 53/53 MP: 5/5
  2347 | D:3      | Found a glowing drain.
  2353 | Sewer    | Entered a sewer
  2419 | Sewer    | Reached skill level 6 in Axes
  2681 | Sewer    | Reached skill level 5 in Dodging
  2837 | Sewer    | Reached skill level 5 in Fighting
  2837 | Sewer    | Reached XP level 7. HP: 53/61 MP: 6/6
  2966 | D:3      | Gained mutation: You are clumsy. (Dex -2) [potion of mutation]
  2966 | D:3      | Gained mutation: Your skin changes colour to match your surroundings (Stealth). [potion of mutation]
  2966 | D:3      | Gained mutation: You have a pair of large horns on your head. [potion of mutation]
  3140 | D:4      | Noticed tyranidshit's ghost (amateur DDFi)
  3150 | D:4      | Killed tyranidshit's ghost
  3326 | D:4      | Noticed Edmund
  3342 | D:4      | Killed Edmund
  3434 | D:4      | Reached skill level 7 in Axes
  3439 | D:4      | Reached skill level 5 in Armour
  3500 | D:4      | Found a basalt altar of Yredelemnul.
  3747 | D:4      | Found a shimmering altar of Xom.
  3782 | D:4      | Noticed Blork the orc
  3789 | D:4      | Killed Blork the orc
  3789 | D:4      | Reached XP level 8. HP: 54/70 MP: 7/7
  3916 | D:5      | Entered Level 5 of the Dungeon
  3973 | D:5      | Found a burning altar of Makhleb.
  4190 | D:5      | Found a deep blue altar of Sif Muna.
  4288 | D:5      | Found a shattered altar of Ashenzari.
  4578 | D:6      | Found Gostreu's Magic Scroll Boutique.
  4582 | D:6      | Bought a scroll of identify for 22 gold pieces
  4614 | D:6      | Found a staircase to the Ecumenical Temple.
  4659 | Temple   | Entered the Ecumenical Temple
  4665 | Temple   | Became a worshipper of the Shining One
  4694 | D:6      | Reached skill level 8 in Axes
  4717 | D:6      | Noticed a slime creature
  4730 | D:6      | Killed a slime creature
  4749 | D:6      | Reached XP level 9. HP: 61/79 MP: 8/8
  5148 | D:6      | Reached skill level 9 in Axes
  5152 | D:6      | Gained mutation: Your magical capacity is low (-10% MP). [mutagenic meat]
  5154 | D:6      | Gained mutation: You expend magic power (3 MP) to strengthen your wands. [mutagenic meat]
  5155 | D:6      | Gained mutation: Your magical capacity is very low (-20% MP). [mutagenic meat]
  5156 | D:6      | Lost mutation: You are clumsy. (Dex -2) [mutagenic meat]
  5270 | D:7      | Found a flagged portal.
  5278 | Bailey   | Entered a bailey
  5496 | Bailey   | Found an iron altar of Okawaru.
  5496 | Bailey   | Noticed a kobold demonologist
  5496 | Bailey   | Noticed a kobold demonologist
  5503 | Bailey   | Noticed a hellwing
  5510 | Bailey   | Noticed a smoke demon
  5512 | Bailey   | Killed a kobold demonologist
  5520 | Bailey   | Killed a kobold demonologist
  5520 | Bailey   | Reached * piety under the Shining One
  5520 | Bailey   | Reached skill level 10 in Axes
  6216 | Bailey   | Noticed an orc knight
  6229 | Bailey   | Mangled by an orc knight

Skill      XL: |  1  2  3  4  5  6  7  8  9 |
---------------+----------------------------+-----
Axes           | 4 5 6 7 8 10 | 10.3
Fighting       | 3 4 5 7 8 |  8.9
Armour         | 1 2 3 5 7 8 |  8.3
Dodging        | 4 5 6 7 |  7.1
Throwing       | |  2.0
Stealth        | |  0.5

Action                   |  1- 3 |  4- 6 |  7- 9 || total
-------------------------+-------+-------+-------++-------
Melee: War axe           |    76 |   189 |   230 ||   495
       Headbutt          |    12 |    29 |    64 ||   105
       Broad axe         |       |       |    46 ||    46
  Use: Scroll            |       |    12 |     4 ||    16
       Potion            |       |       |     3 ||     3
  Eat: Chunk             |       |     7 |    16 ||    23
Armor: Leather armour    |    17 |     3 |       ||    20
       Scale mail        |       |    56 |    14 ||    70
       Plate armour      |       |       |    96 ||    96
Dodge: Dodged            |    60 |   103 |   131 ||   294
Block: Other             |    13 |    59 |    74 ||   146
       Reflection        |       |     3 |     1 ||     4
